 Dungeon Crawl Stone Soup version 0.25.0-9-g26727b657a (webtiles) character file.

Game seed: 17741700125498771552

139289 Lidrum the Peltast (level 17, -7/112 HPs)
             Began as a Gargoyle Fighter on June 19, 2020.
             Was the Champion of Trog.
             Mangled by a redback (13 damage)
             ... on level 3 of the Spider Nest.
             The game lasted 02:17:55 (30710 turns).

Lidrum the Peltast (Gargoyle Fighter)              Turns: 30710, Time: 02:17:56

Health: -7/112     AC: 10    Str: 31    XL:     17   Next: 28%
Magic:  5/5        EV:  7    Int:  4    God:    Trog [******]
Gold:   2673       SH:  0    Dex:  5    Spells: 16/16 levels left

rFire    . . .     SeeInvis .   M - +4 demon whip (antimagic)
rCold    + . .     Gourm    .   c - +10 tower shield of Ignorance {rN+ Int-4}
rNeg     + + +     Faith    .   d - +0 plate armour
rPois    ∞         Spirit   .   h - +2 helmet
rElec    +         Reflect  .   D - +0 cloak {MR+}
rCorr    .         Harm     .   R - +2 pair of gloves of Piqaym {+Inv Str+3}
MR       +++..                  H - +0 pair of boots
Stlth    ..........             u - amulet of regeneration
HPRegen  0.68/turn              k - +4 ring of protection
MPRegen  0.09/turn              O - ring "Fout" {rC+ rN+ MR+ Dex-4}

@: confused, marked, corroded
A: big wings, negative energy resistance 1, electricity resistance, unbreathing,
petrification resistance, rot immunity, AC +12
a: Fly, Berserk, Trog's Hand, Brothers in Arms, Renounce Religion, Evoke
Invisibility


You were on level 3 of the Spider Nest.
You worshipped Trog.
Trog was exalted by your worship.
You were hungry.

You visited 5 branches of the dungeon, and saw 27 of its levels.

You collected 2673 gold pieces.

Inventory:

Hand Weapons
 M - a +4 antimagic demon whip (weapon)
Armour
 c - the +10 tower shield of Ignorance (worn) {rN+ Int-4}
   (You found it on level 14 of the Dungeon)

   It affects your intelligence (-4).
   It protects you from negative energy.
 d - a +0 plate armour (worn)
 h - a +2 helmet (worn)
 t - a +2 hat of magic resistance
 D - a +0 cloak of magic resistance (worn)
 H - a +0 pair of boots (worn)
 R - the +2 pair of gloves of Piqaym (worn) {+Inv Str+3}
   (You acquired it on level 4 of the Lair of Beasts)

   It affects your strength (+3).
   It lets you turn invisible.
Jewellery
 k - a +4 ring of protection (left hand)
 u - an amulet of regeneration (around neck)
 x - an uncursed ring of fire
 z - a +4 ring of protection
 O - the ring "Fout" (right hand) {rC+ rN+ MR+ Dex-4}
   (You found it on level 13 of the Dungeon)

   [ring of protection from cold]

   It affects your dexterity (-4).
   It protects you from cold.
   It protects you from negative energy.
   It affects your resistance to hostile enchantments.
 T - an uncursed ring of see invisible
Wands
 e - a wand of disintegration (10)
 g - a wand of random effects (32)
 l - a wand of acid (22)
 A - a wand of iceblast (6)
 F - a wand of flame (33)
 J - a wand of paralysis (13)
 L - a wand of enslavement (16)
Scrolls
 a - 13 scrolls of remove curse
 b - 5 scrolls of identify
 j - 2 scrolls of summoning
 n - 6 scrolls of magic mapping
 q - 5 scrolls of fog
 v - 3 scrolls of enchant armour
 y - 6 scrolls of teleportation
 B - 7 scrolls of fear
 E - 2 scrolls of blinking
 G - a scroll of silence
 Q - 3 scrolls of enchant weapon
Potions
 o - 3 potions of resistance
 p - 14 potions of curing
 r - a potion of ambrosia {unknown}
 s - 4 potions of invisibility
 w - 4 potions of mutation
 C - 4 potions of cancellation
 I - 2 potions of haste
 K - 5 potions of might
 N - a potion of magic {unknown}
 P - a potion of heal wounds
 S - a potion of stabbing
Comestibles
 f - 42 rations
 i - 2 chunks of flesh


   Skills:
 + Level 14.4 Fighting
 - Level 16.0 Maces & Flails
 + Level 12.8 Armour
 - Level 1.0 Stealth
 * Level 19.8 Shields


You had 16 spell levels left.
You didn't know any spells.
Your spell library contained the following spells:

 Spells                   Type           Power        Failure   Level  Hunger
 Confusing Touch          Hex            #.......     100%        3    ####...
 Gell's Gravitas          Tloc           #.........   100%        3    ####...
 Petrify                  Tmut/Erth      #.......     100%        4    #####..
 Metabolic Englaciation   Hex/Ice        #.........   100%        5    ######.
 Yara's Violent Unravell  Hex/Tmut       #.........   100%        5    ######.


Dungeon Overview and Level Annotations

Branches:
Dungeon (15/15)            Temple (1/1) D:7            Lair (6/6) D:10
 Shoals (0/4) Lair:2       Spider (3/4) Lair:2        Slime (0/5) Lair:5
    Orc (2/2) D:10            Elf (0/3) Orc:2        Vaults (0/5) D:13
 Depths (0/5) D:15

Altars:
Ashenzari
Cheibriados
Dithmenos
Elyvilon
Fedhas
Gozag
Hepliaklqana
Kikubaaqudgha
Makhleb
Nemelex Xobeh
Okawaru
Qazlal
Ru
Sif Muna
Trog
Uskayaw
Vehumet
Wu Jian
Xom
Yredelemnul
Zin
The Shining One
Beogh

Shops:
D:5 }   D:15 :

Annotations:
D:9 exclusion: obsidian statue
Lair:4 exclusion: 4 oklob plants
Spider:1 exclusion: wolf spider


Innate Abilities, Weirdness & Mutations

You are resistant to torment.
Your stone body is resilient. (AC +12)
You are immune to poison.
Your large and strong wings let you fly indefinitely.
You resist negative energy. (rN+)
You are resistant to electric shocks. (rElec)
You can survive without breathing.
You are immune to petrification.
You are immune to rotting.


Message History

Are you sure you want to stumble around while confused and next to your cyclops?
The tarantella bites your cyclops!
Your cyclops appears confused.
The tarantella bites you.
* * * LOW HITPOINT WARNING * * *
You are more confused.
Your cyclops rages.
The redback bites you but does no damage.
A redback comes into view.
The tarantella bites you but does no damage.
You're too confused to move!
The redback barely misses you. The tarantella bites you!
* * * LOW HITPOINT WARNING * * *
The redback bites you but does no damage.
The tarantella bites you.
* * * LOW HITPOINT WARNING * * *
Your cyclops closely misses the redback.
A tarantella comes into view.
The redback bites you!
You die...

....^.#.^#....#...^..##
#.#####s!#^<.....#..### ####
####.#...####^.a.#..# ...
##...#s...##..#..#### .
..####....#..#..####.....#..
.#.####....#####^.#....####
####....#.......####^...^..# .
#
##^.#...##......##..^†..#####
^
###†^.....#####s@###...##^^.#
.#......†.#†.#ass##..^##.....#
..^......^..†#C.ss...## #....#
..#..#.#...........s..# .#..##
.#.#.###.^##.....#.^#.......#
..^### ####.....##..#......^.
#.## #.....###..##.#.^. ###
##......#### #.#.. # ##..##..
....


You could see an entropy weaver, a demonic crawler, 3 tarantellas, 3 redbacks
and a friendly cyclops (summoned, berserk, confused).

Vanquished Creatures
  Arachne (Spider:3)
  Jorgrun (Spider:1)
  Gastronok (Lair:2)
  Frances (Spider:2)
  2 tengu reavers (D:12)
  3 fire giants
  An orc warlord (D:15)
  A ghost moth (Spider:3)
  2 emperor scorpions
  2 entropy weavers
  The ghost of Befuwnopp the Grappler, a journeyman TrHu of Cheibriados (Lair:3)
  The ghost of Sadonosm the Carver, a journeyman DgSk (Lair:3)
  Josephine (Lair:6)
  A fire dragon (D:13)
  4 hydras
  Harold (D:7)
  A catoblepas (D:13)
  A merfolk avatar (Lair:6)
  An ogre mage (D:13)
  6 centaur warriors
  3 two-headed ogres
  4 death yaks
  2 tengu warriors (D:14)
  A deep troll earth mage (D:13)
  2 orc high priests
  4 slime creatures (D:14)
  A skeletal warrior (D:12)
  Nergalle (D:10)
  2 flayed ghosts
  2 unseen horrors
  2 sea snakes (Lair:6)
  8 orc knights
  A deep elf archer (D:13)
  12 wolf spiders
  15 orb spiders
  A harpy (Lair:6)
  2 deep elf magi
  5 ugly things
  4 orc sorcerers
  4 cyclopes
  A manticore (Lair:6)
  A moth of wrath (Spider:1)
  4 merfolk sirens (Lair:2)
  5 elephants
  Psyche (D:8)
  2 black mambas (Lair:4)
  3 gargoyles
  12 centaur skeletons
  A torpor snail (Lair:6)
  2 kobold demonologists
  16 komodo dragons
  12 rime drakes
  11 spiny frogs
  3 freezing wraiths (D:15)
  3 yaktaurs (D:13)
  2 efreet
  9 demonic crawlers
  5 trolls
  A meliai (shapeshifter) (D:13)
  3 meliai (D:15)
  33 jumping spiders
  2 polar bears (Lair:6)
  4 hornets
  6 hippogriffs
  A meliai zombie (D:15)
  7 blink frogs
  52 redbacks
  20 tarantellas
  25 yaks
  5 wraiths
  2 shadows
  6 wyverns
  2 hungry ghosts
  2 basilisks (D:10)
  7 vampire mosquitoes
  4 wargs
  14 water moccasins
  A soldier ant (D:12)
  6 porcupines
  Duvessa (D:5)
  8 sky beasts
  3 black bears
  32 orc warriors
  2 phantoms (D:14)
  A black bear (shapeshifter) (D:13)
  An eye of draining (D:11)
  2 hornet zombies
  6 ice beasts
  14 ogres
  3 boggarts
  22 centaurs
  8 necrophages
  11 crocodiles
  14 bullfrogs
  8 big kobolds
  3 gnoll sergeants
  Blork the orc (D:4)
  Dowan (D:5)
  8 scorpions
  A troll skeleton (D:11)
  13 wights
  4 killer bees (D:11)
  2 electric eels (Spider:2)
  4 howler monkeys
  4 centaur zombies
  5 crimson imps
  2 quasits
  4 hounds
  6 orc priests
  4 bullfrog skeletons
  6 jellies
  14 orc wizards
  4 iguanas
  Natasha (thrice) (D:2)
  2 hell rats (Lair:1)
  14 worker ants
  2 killer bee zombies
  A hound skeleton (D:9)
  2 howler monkey zombies
  A worker ant zombie (D:6)
  8 gnolls
  8 adders
  9 river rats (Lair:1)
  5 shadow imps
  7 oozes
  An ooze (shapeshifter) (D:13)
  4 worms
  2 dart slugs
  9 leopard geckos
  74 orcs
  5 bats
  7 giant cockroaches
  8 goblins
  9 hobgoblins
  8 jackals
  17 kobolds
  2 quokkas
  2 ball pythons
  6 frilled lizards
  A giant cockroach zombie (D:6)
  A quokka skeleton (D:5)
  9 rats
854 creatures vanquished.

Vanquished Creatures (collateral kills)
  An orc warlord (D:15)
  An ettin (Orc:1)
  An orc sorcerer (Orc:1)
  A boggart (D:14)
  An orc (D:15)
5 creatures vanquished.

Vanquished Creatures (others)
  A demonic crawler (Spider:2)
  A water moccasin (Lair:5)
  A jelly (shapeshifter) (D:12)
  11 fungi
  9 plants
23 creatures vanquished.

Grand Total: 882 creatures vanquished

Notes
Turn   | Place    | Note
-------+----------+-------------------------------------------
     0 | D:1      | Lidrum the Gargoyle Fighter began the quest for the Orb.
     0 | D:1      | Reached XP level 1. HP: 14/14 MP: 1/1
   140 | D:1      | Reached XP level 2. HP: 19/19 MP: 2/2
   363 | D:1      | Reached XP level 3. HP: 23/23 MP: 3/3
   680 | D:2      | Noticed Natasha
   690 | D:2      | Killed Natasha
   690 | D:2      | Reached XP level 4. HP: 12/28 MP: 4/4
  1013 | D:2      | Found a shadowy altar of Dithmenos.
  1291 | D:2      | Noticed Natasha
  1298 | D:2      | Killed Natasha
  1298 | D:2      | Reached XP level 5. HP: 19/32 MP: 5/5
  1454 | D:2      | Noticed Natasha
  1469 | D:2      | Killed Natasha
  2229 | D:3      | Found an ancient bone altar of Kikubaaqudgha.
  2691 | D:4      | Noticed Blork the orc
  2699 | D:4      | Killed Blork the orc
  2699 | D:4      | Reached skill level 5 in Maces & Flails
  2699 | D:4      | Reached XP level 6. HP: 37/37 MP: 6/6
  2946 | D:4      | Found a white marble altar of Elyvilon.
  3101 | D:4      | Reached skill level 4 in Shields
  3101 | D:4      | Reached XP level 7. HP: 41/41 MP: 7/7
  3312 | D:5      | Entered Level 5 of the Dungeon
  3413 | D:5      | Noticed Duvessa
  3414 | D:5      | Noticed Dowan
  3425 | D:5      | Killed Duvessa
  3456 | D:5      | Killed Dowan
  3878 | D:5      | Found Ydes's Gadget Boutique.
  4032 | D:5      | Reached XP level 8. HP: 39/46 MP: 8/8
  4177 | D:6      | Found a bloodstained altar of Trog.
  4547 | D:6      | Found a shimmering blue altar of Sif Muna.
  4629 | D:6      | Became a worshipper of Trog the Wrathful
  4709 | D:6      | Reached skill level 5 in Armour
  4978 | D:6      | Reached skill level 1 in Stealth
  5526 | D:7      | Reached XP level 9. HP: 22/51 MP: 9/9
  5812 | D:7      | Reached * piety under Trog
  5821 | D:7      | Reached skill level 10 in Maces & Flails
  5845 | D:7      | Noticed Harold
  5953 | D:7      | Killed Harold
  6162 | D:7      | Found a radiant altar of Vehumet.
  6515 | D:7      | Found a sparkling altar of Nemelex Xobeh.
  6696 | D:7      | Found a staircase to the Ecumenical Temple.
  6982 | D:8      | Noticed Psyche
  6992 | D:8      | Killed Psyche
  6992 | D:8      | Reached XP level 10. HP: 48/56 MP: 10/10
  7121 | D:8      | Found a shadowy altar of Dithmenos.
  7136 | D:8      | Reached ** piety under Trog
  7406 | D:9      | Found a hazy altar of Hepliaklqana.
  7436 | D:9      | Found a hide-covered altar of Uskayaw.
  7445 | D:9      | Found a snail-covered altar of Cheibriados.
  7485 | D:9      | Noticed an obsidian statue
  7747 | D:9      | Noticed a smoke demon
  7923 | D:9      | Found a sacrificial altar of Ru.
  8251 | D:9      | Found a shimmering altar of Xom.
  8253 | D:9      | Found a glowing golden altar of the Shining One.
  8286 | D:10     | Entered Level 10 of the Dungeon
  8286 | D:10     | Noticed a two-headed ogre
  8343 | D:10     | Noticed an elephant
  8346 | D:10     | Noticed Nergalle
  8364 | D:9      | Killed an elephant
  8364 | D:9      | Reached skill level 10 in Armour
  8421 | D:10     | Killed Nergalle
  8422 | D:10     | Found a staircase to the Lair.
  8468 | D:10     | Noticed a death yak
  8485 | D:9      | Killed a death yak
  8693 | D:10     | Found a staircase to the Orcish Mines.
  8702 | D:10     | Reached XP level 11. HP: 62/62 MP: 11/11
  8777 | D:10     | Killed a two-headed ogre
  8777 | D:10     | Reached skill level 5 in Fighting
  9136 | D:10     | Reached *** piety under Trog
  9791 | D:11     | Noticed a two-headed ogre
  9799 | D:11     | Killed a two-headed ogre
  9980 | D:11     | Noticed a cyclops
 10018 | D:11     | Killed a cyclops
 10337 | D:11     | Reached **** piety under Trog
 10354 | D:11     | Noticed a two-headed ogre
 10359 | D:11     | Killed a two-headed ogre
 10470 | D:12     | Noticed a six-headed hydra
 10489 | D:12     | Killed a six-headed hydra
 10489 | D:12     | Reached XP level 12. HP: 71/71 MP: 12/12
 10635 | D:12     | Reached skill level 15 in Maces & Flails
 11413 | D:13     | Found a huge runed gate.
 11413 | D:13     | Found a huge runed gate.
 11415 | D:13     | Found a huge runed gate.
 11415 | D:13     | Found a huge runed gate.
 11416 | D:13     | Found a huge runed gate.
 11416 | D:13     | Found a huge runed gate.
 11416 | D:13     | Found a huge runed gate.
 11417 | D:13     | Found a huge runed gate.
 11430 | D:13     | Found a huge runed gate.
 11431 | D:13     | Found a huge runed gate.
 11431 | D:13     | Found a huge runed gate.
 11431 | D:13     | Found a huge runed gate.
 11431 | D:13     | Found a huge runed gate.
 11431 | D:13     | Found a huge runed gate.
 11431 | D:13     | Found a huge runed gate.
 11431 | D:13     | Found a huge runed gate.
 11432 | D:13     | Found a huge runed gate.
 11432 | D:13     | Found a huge runed gate.
 11432 | D:13     | Found a huge runed gate.
 11432 | D:13     | Found a huge runed gate.
 11432 | D:13     | Found a huge runed gate.
 11432 | D:13     | Found a huge runed gate.
 11433 | D:13     | Found a huge runed gate.
 11434 | D:13     | Found a huge runed gate.
 11435 | D:13     | Found a huge runed gate.
 11443 | D:13     | Found a huge runed gate.
 11443 | D:13     | Found a huge runed gate.
 11443 | D:13     | Found a huge runed gate.
 11443 | D:13     | Found a huge runed gate.
 11443 | D:13     | Found a huge runed gate.
 11443 | D:13     | Found a huge runed gate.
 11443 | D:13     | Found a huge runed gate.
 11457 | D:13     | Found a huge runed gate.
 11475 | D:13     | Found a huge runed gate.
 11492 | D:13     | Found a gate to the Vaults.
 11517 | D:13     | Noticed a centaur warrior
 11539 | D:12     | Killed a centaur warrior
 11554 | D:12     | Reached skill level 5 in Shields
 12090 | D:13     | Reached skill level 6 in Shields
 12125 | D:13     | Noticed a centaur warrior
 12136 | D:13     | Killed a centaur warrior
 12273 | D:13     | Noticed a centaur warrior
 12293 | D:13     | Killed a centaur warrior
 12407 | D:13     | Reached skill level 7 in Shields
 12467 | D:13     | Noticed a catoblepas
 12486 | D:13     | Killed a catoblepas
 12486 | D:13     | Reached ***** piety under Trog
 12486 | D:13     | Reached XP level 13. HP: 76/76 MP: 13/13
 12596 | D:13     | Found a huge runed gate.
 12610 | D:13     | Found a huge runed gate.
 12881 | D:13     | Reached skill level 8 in Shields
 12886 | D:13     | Got a wavering copper ring
 12888 | D:13     | Identified the ring "Fout" {rC+ rN+ MR+ Dex-4} (You found
                  | it on level 13 of the Dungeon)
 13036 | D:13     | Noticed an ettin
 13036 | D:13     | Noticed a tengu reaver
 13036 | D:13     | Noticed a tengu reaver
 13036 | D:13     | Noticed a fire dragon
 13036 | D:13     | Noticed a tengu reaver
 13036 | D:13     | Noticed a fire giant
 13049 | D:13     | Noticed a great orb of eyes
 13190 | D:12     | Killed a tengu reaver
 13451 | D:13     | Killed a fire giant
 13460 | D:13     | Reached skill level 9 in Shields
 13562 | D:12     | Killed a tengu reaver
 13849 | D:13     | Killed a fire dragon
 14562 | D:14     | Reached skill level 10 in Shields
 14691 | D:14     | Noticed a fire giant
 14692 | D:14     | Found the +10 tower shield of Ignorance {rN+ Int-4}
 14988 | D:14     | Identified the +2 robe "Leshruco" {rPois Str+4 Dex+3
                  | Stlth-}
 15181 | D:14     | Reached skill level 11 in Shields
 15181 | D:14     | Gained mutation: Your large and strong wings let you fly
                  | indefinitely. [Gargoyle growth]
 15181 | D:14     | Reached XP level 14. HP: 73/86 MP: 14/14
 15284 | D:14     | Killed a fire giant
 15875 | D:15     | Entered Level 15 of the Dungeon
 15930 | D:15     | Reached skill level 12 in Shields
 16643 | D:15     | Found a staircase to the Depths.
 16643 | D:15     | Noticed a fire giant
 16658 | D:15     | Killed a fire giant
 16837 | D:15     | Found Veatayh's Book Boutique.
 17438 | D:15     | Reached skill level 13 in Shields
 17765 | D:15     | Found a runed translucent door.
 17781 | D:15     | Noticed an orc warlord
 17857 | D:15     | Noticed an orc warlord
 17935 | D:15     | Found a roughly hewn altar of Beogh.
 18224 | D:15     | Killed an orc warlord
 18603 | D:15     | Killed an orc warlord
 18948 | D:15     | Reached skill level 14 in Shields
 19263 | Temple   | Entered the Ecumenical Temple
 19511 | Orc:1    | Entered Level 1 of the Orcish Mines
 20290 | Orc:2    | Entered Level 2 of the Orcish Mines
 20390 | Orc:2    | Found a staircase to the Elven Halls.
 21112 | Orc:2    | Reached skill level 15 in Shields
 21878 | Orc:2    | Reached skill level 10 in Fighting
 21891 | Orc:2    | Reached XP level 15. HP: 92/92 MP: 15/15
 22016 | Orc:2    | Received a gift from Trog
 22074 | Lair:1   | Entered Level 1 of the Lair of Beasts
 22329 | Lair:1   | Found an ornate altar of the Wu Jian Council.
 22638 | Lair:2   | Found a staircase to the Shoals.
 22700 | Lair:2   | Found a hole to the Spider Nest.
 23019 | Lair:2   | Noticed Gastronok
 23031 | Lair:2   | Killed Gastronok
 23281 | Lair:2   | Got a shimmering lead ring
 23283 | Lair:2   | Identified the ring "Poitei" {MP+9 Str+9 Int+2} (You found
                  | it on level 2 of the Lair of Beasts)
 23820 | Lair:3   | Found a runed translucent gate.
 23821 | Lair:3   | Found a runed translucent gate.
 23822 | Lair:3   | Found a runed translucent gate.
 23823 | Lair:3   | Noticed Sadonosm's ghost (journeyman DgSk)
 23823 | Lair:3   | Noticed Befuwnopp's ghost (journeyman TrHu)
 23844 | Lair:3   | Killed Befuwnopp's ghost
 23862 | Lair:3   | Killed Sadonosm's ghost
 23862 | Lair:3   | Reached skill level 16 in Shields
 24755 | Lair:4   | Identified a scroll of acquirement
 24803 | Lair:4   | Got the +2 pair of gloves of Piqaym {+Inv Str+3}
 25679 | Lair:5   | Reached ****** piety under Trog
 25857 | Lair:5   | Found a staircase to the Slime Pits.
 26456 | Lair:6   | Entered Level 6 of the Lair of Beasts
 26501 | Lair:6   | Received a gift from Trog
 26658 | Lair:6   | Noticed Josephine
 26674 | Lair:6   | Killed Josephine
 26903 | Lair:6   | Reached skill level 17 in Shields
 27103 | Lair:6   | Reached XP level 16. HP: 101/102 MP: 5/16
 27938 | Spider:1 | Entered Level 1 of the Spider Nest
 28152 | Spider:1 | Reached skill level 18 in Shields
 28215 | Spider:1 | Noticed Jorgrun
 28238 | Spider:1 | Killed Jorgrun
 28510 | Spider:1 | Received a gift from Trog
 29144 | Spider:2 | Noticed Frances
 29169 | Spider:2 | Killed Frances
 29558 | Spider:2 | Reached skill level 19 in Shields
 29884 | Spider:3 | Noticed Arachne
 29912 | Spider:3 | Killed Arachne
 29994 | Spider:3 | Received a gift from Trog
 30018 | Spider:3 | Reached XP level 17. HP: 110/110 MP: 5/17
 30710 | Spider:3 | Mangled by a redback

Illustrated notes

Levels and vault maps discovered:
D:1:      scummos_arrival_forest, layout_loops_ring
D:2:      layout_loops_ring, first_ration, grunt_dithmenos_smoke_and_mirrors,
          uniq_natasha
D:3:      layout_basic, old_standard_altar
D:4:      layout_gridville, elyvilon_altar_3, lightli_corner_chamber,
          uniq_blork_the_orc
D:5:      layout_cave_pools, serial_shops, nicolae_shop_trees, uniq_duvessa
D:6:      layout_gridville, lemuel_crystal_altar, overflow_temple_1_default,
          minmay_bent
D:7:      layout_basic, nemelex_altar_shiori, fiery_altar_vehumet,
          minmay_temple_entry_nine_rooms, uniq_harold
D:8:      layout_rooms, nicolae_overflow_crystal_walls, uniq_psyche
D:9:      layout_roguey, kennysheep_mini, nicolae_ru_awakened_eye,
          nicolae_overflow_hidden_temple, amethyst_overflow_temple_binary,
          minivault_16
D:10:     layout_roguey, david_lair_generic,
          kennysheep_orc_monster_closet_entryway, uniq_nergalle
D:11:     layout_rooms, hangedman_tell_no_tales
D:12:     layout_small_grid, serial_undead, serial_undead_a, serial_undead_b,
          serial_undead_b, serial_undead_a, hangedman_pestilent_swarm
D:13:     minmay_tri_box, layout_irregular_city,
          hangedman_vaults_entry_quadrant_bands, door_vault
D:14:     layout_loops_ring, minmay_misc_feat_more_columns, minmay_radiant
D:15:     grunt_enter_depths_giant_problem, layout_small_grid, serial_shops,
          shop, lightli_church_of_beogh
Temple:   nicolae_temple_figure_zero
Lair:1:   layout_hall_layers, basic_altar, kennysheep_rathole
Lair:2:   layout_loops_ring, elwin_shoals_entry_stream,
          nicolae_spider_entry_non_spiders, uniq_gastronok
Lair:3:   layout_cave_pods, gammafunk_ghost_cemetery, roderic_carrion_pond,
          serial_bayou_shore_a
Lair:4:   layout_big_grid, minmay_lair_oklob_chamber
Lair:5:   layout_roguey, nicolae_slime_entry_slimehenge, st_stairs_6,
          minivault_26
Lair:6:   gammafunk_lair_ancient_temple, layout_regular_city, uniq_josephine
Spider:1: layout_spider_delve, hangedman_spider_mandibles, uniq_jorgrun
Spider:2: layout_spider_delve, spiders_nest_hornet_nest, uniq_frances
Spider:3: layout_spider_delve, uniq_arachne
Orc:1:    layout_caves
Orc:2:    st_orc_rangers, layout_caves

Skill      XL: |  1  2  3  4  5  6  7  8  9 10 11 12 13 14 15 16 17 |
---------------+----------------------------------------------------+-----
Maces & Flails | 3 4 5 6 8 9 11 12 14 16 | 16.0
Armour         | 4 6 8 10 11 12 | 12.8
Shields        | 4 7 11 15 17 19 | 19.8
Stealth        | 1 |  1.0
Fighting       | 4 6 7 9 10 12 13 14 | 14.4

Action                   |  1- 3 |  4- 6 |  7- 9 | 10-12 | 13-15 | 16-18 || total
-------------------------+-------+-------+-------+-------+-------+-------++-------
Melee: Whip              |    83 |    91 |       |       |       |       ||   174
       Morningstar       |       |    60 |   263 |   614 |  1417 |       ||  2354
       Flail             |       |       |    81 |   131 |       |       ||   212
       Demon whip        |       |       |       |       |   296 |  1167 ||  1463
Invok: Berserk           |       |       |     2 |     7 |     8 |     2 ||    19
       Trog's Hand       |       |       |       |     1 |     3 |     1 ||     5
       Brothers in Arms  |       |       |       |       |     3 |     1 ||     4
Evoke: Wand              |       |       |     1 |     1 |       |       ||     2
  Use: Scroll            |     1 |    11 |     5 |    14 |    12 |     1 ||    44
       Potion            |     1 |       |     3 |       |     4 |       ||     8
 Stab: Invisible         |       |       |     1 |       |       |       ||     1
       Petrified         |       |       |       |       |     2 |       ||     2
  Eat: Chunk             |       |     7 |     7 |    19 |    33 |     8 ||    74
       Ration            |       |       |     2 |     2 |     8 |     2 ||    14
Armor: Scale mail        |    25 |    68 |   150 |       |       |       ||   243
       Plate armour      |       |       |    91 |   450 |   714 |   629 ||  1884
Dodge: Dodged            |    34 |    45 |   153 |   141 |   228 |   180 ||   781
Block: Kite shield       |    38 |    36 |    84 |   412 |   536 |       ||  1106
       Buckler           |       |    12 |    55 |       |       |       ||    67
       Tower shield      |       |       |       |       |  1014 |  1778 ||  2792
